 Dungeon Crawl Stone Soup version 0.17-a0-2027-gcac42c4 (webtiles) character file.

105 Shim the Cutter (level 4, -6/30 HPs)
             Began as a High Elf Gladiator on Oct 10, 2015.
             Killed from afar by Terence (7 damage)
             ... with a wand of flame
             ... on level 2 of the Dungeon.
             The game lasted 00:07:38 (2251 turns).

Shim the Cutter (High Elf Gladiator)                Turns: 2251, Time: 00:07:39

Health: -6/30      AC:  6    Str: 14    XL:     4   Next: 53%
Magic:  5/5        EV: 13    Int: 11    God:
Gold:   90         SH:  0    Dex: 17    Spells: 0 memorised, 3 levels left

rFire  . . .     SeeInvis .     a - +0 rapier
rCold  + . .     Clarity  .     j - +0 ring mail {rC+}
rNeg   . . .     SustAt   .     (no shield)
rPois  .         Gourm    .     c - +0 helmet
rElec  .         Spirit   .     (no cloak)
rCorr  .         Warding  .     (no gloves)
rMut   .         Stasis   .     (no boots)
MR     .....                    (no amulet)
Stlth  +.........               (no ring)
                                (no ring)

@: not resistant to hostile enchantments, very unstealthy
A: no striking features
a: no special abilities


You were on level 2 of the Dungeon.
You were not hungry.

You visited 1 branch of the dungeon, and saw 2 of its levels.

You collected 90 gold pieces.

Inventory:

Hand Weapons
 a - a +0 rapier (weapon)
Missiles
 d - 2 throwing nets
 i - 32 stones (quivered)
Armour
 b - a +0 leather armour
 c - a +0 helmet (worn)
 j - a +0 ring mail of cold resistance (worn)
Wands
 q - a wand of magic darts (9)
Scrolls
 f - a scroll of noise {unknown}
 g - 2 scrolls of teleportation {unknown}
 l - 2 scrolls of identify {unknown}
 n - a scroll of random uselessness {unknown}
 o - a scroll of immolation {unknown}
 p - a scroll of magic mapping {unknown}
 r - a scroll of enchant weapon {unknown}
 s - 2 scrolls of fog {unknown}
 u - a scroll of remove curse {unknown}
Potions
 h - a potion of might {unknown}
 k - a potion of lignification {unknown}
 m - a potion of heal wounds {unknown}
 v - a potion of brilliance {unknown}
 w - a potion of curing {unknown}
 z - a potion of flight {unknown}
Comestibles
 e - 2 bread rations
 t - a slice of pizza
 x - a meat ration
 A - 2 chunks of flesh


   Skills:
 + Level 2.6 Fighting
 + Level 4.6 Short Blades
 + Level 2.1 Throwing
 + Level 1.2 Armour
 + Level 4.2 Dodging
 * Level 0.2 Stealth


You had 3 spell levels left.
You didn't know any spells.

Dungeon Overview and Level Annotations

Branches:
Dungeon (2/15)

Altars:
Cheibriados
Fedhas

Annotations:
D:2 Terence


Message History

The worm is severely wounded.
The worm bites you. The worm closely misses you.
You hit the worm.
The worm is almost dead.
The worm bites you!
You hit the worm.
The worm is almost dead.
The worm misses you.
You hit the worm.
You kill the worm!
The worm bites you.
There is a snail-covered altar of Cheibriados here.
Terence the Incautious comes into view.
He is wielding a short sword of speed.
Terence shouts!
Terence moves out of view.
Terence zaps a wand.
The puff of flame hits you!
* * * LOW HITPOINT WARNING * * *
It is a wand of flame.
Terence zaps a wand.
The puff of flame hits you!
You die...

#..##.##........
#####.##.<...... ....
#........... ..#.
##.......... #....
#..#.(###### #.#..
....###.รท##
#....####......###..##
#@....#..###.......##
#...@.........#.#..#
###.###...###...##.##
#.......#.# ##...#..#
##..##..##. #........
####.w.# #.##.# #.####...
#. #...._.#
#.##).##.####...
#..##.#....# #.#
#..#.#....#. ........(###
#.# #.....#####
......(..#####.####...#####
#


You could see Terence and a worm.

Vanquished Creatures
  2 adders (D:2)
  4 gnolls (D:2)
  An ooze (D:1)
  A worm (D:2)
  3 giant geckos
  3 bats (D:1)
  2 giant cockroaches (D:1)
  6 hobgoblins
  4 kobolds
  3 ball pythons (D:1)
  2 giant newts (D:1)
  4 goblins
  7 rats
42 creatures vanquished.

Notes
Turn   | Place    | Note
--------------------------------------------------------------
     0 | D:1      | Shim the High Elf Gladiator began the quest for the Orb.
     0 | D:1      | Reached XP level 1. HP: 14/14 MP: 2/2
   179 | D:1      | Reached XP level 2. HP: 12/19 MP: 3/3
   218 | D:1      | Reached skill level 4 in Short Blades
   830 | D:1      | Reached XP level 3. HP: 16/24 MP: 4/4
  1373 | D:2      | Found a blossoming altar of Fedhas.
  1518 | D:2      | Reached skill level 1 in Armour
  1861 | D:2      | Reached XP level 4. HP: 21/30 MP: 5/5
  2230 | D:2      | Found a snail-covered altar of Cheibriados.
  2249 | D:2      | Noticed Terence
  2250 | D:2      | HP: 1/30 [Terence/wand of flame (9)]
  2251 | D:2      | Killed from afar by Terence

Vault maps used:
D:1:      lightli_molten_gateway
D:2:      cheibriados_altar_1, lemuel_doored_altar, uniq_terence

Action                   |  1- 3 |  4- 6 || total
-------------------------+-------+-------++-------
Melee: Rapier            |   129 |    27 ||   156
Throw: Stone             |    19 |     3 ||    22
       Throwing net      |     1 |     2 ||     3
 Stab: Held in net/web   |     1 |     1 ||     2
  Eat: Chunk             |     3 |     1 ||     4
